 Dungeon Crawl Stone Soup version 0.28-a0-883-gc8d7bad45d (webtiles) character file.

Game seed: 3509748415254814070

202 mainiacjoe the Sneak (level 5, -3/42 HPs)
             Began as a Naga Fire Elementalist on Nov 21, 2021.
             Slain by an iron imp (7 damage)
             ... summoned by Eustachio
             ... on level 4 of the Dungeon.
             The game lasted 00:09:00 (3836 turns).

mainiacjoe the Sneak (Naga Fire Elementalist)       Turns: 3836, Time: 00:09:00

Health: -3/42      AC:  3    Str: 16    XL:     5   Next: 80%
Magic:  0/8        EV: 10    Int: 16    God:
Gold:   97         SH:  0    Dex: 12    Spells: 5/8 levels left

rFire   . . .      SeeInvis +   a - +0 short sword (venom)
rCold   . . .      Faith    .   (no shield)
rNeg    . . .      Spirit   .   r - +0 robe
rPois   +          Reflect  .   (no helmet)
rElec   .          Harm     .   b - +0 cloak
rCorr   .          Rampage  .   (no gloves)
Will    .....                   (no barding)
Stlth   +++.......              (no amulet)
HPRegen 0.14/turn               p - +6 ring of strength
MPRegen 0.11/turn               (no ring)

@: short of breath, very slow
A: AC +1, large, see invisible, deformed body, poison resistance, slowness 2,
spit poison 1, naga tail 1
a: Spit Poison


You were on level 4 of the Dungeon.
You visited 1 branch of the dungeon, and saw 4 of its levels.

You collected 97 gold pieces.

Inventory:

Hand Weapons
 a - a +0 short sword of venom (weapon)
 g - a +0 dagger of protection
 j - a +0 hand axe
Missiles
 e - 21 bolts
 h - 27 arrows
 k - 48 stones
 m - 3 boomerangs (quivered)
Armour
 b - a +0 cloak (worn)
 r - a +0 robe (worn)
Jewellery
 p - a +6 ring of strength (left hand)
Wands
 q - a wand of flame (24)
Scrolls
 c - a scroll of teleportation {unknown}
 f - 3 scrolls of blinking
 n - a scroll of fog {unknown}
 o - a scroll of acquirement {unknown}
 s - a scroll of enchant armour {unknown}
Potions
 d - 3 potions of curing
 i - 2 potions of magic
 l - a potion of might


   Skills:
 + Level 2.5 Dodging
 - Level 5.0 Stealth
 - Level 2.1 Spellcasting
 - Level 2.0 Conjurations
 * Level 4.6 Fire Magic


You had 5 spell levels left.
You knew the following spells:

 Your Spells              Type           Power      Damage    Failure   Level
a - Foxfire               Conj/Fire      48%        2x1d6     5%          1
b - Scorch                Fire           32%        2d6       4%          2

Your spell library contained the following spells:

 Spells                   Type           Power      Damage    Failure   Level
 Conjure Flame            Conj/Fire      12%        6-21      16%         3
 Inner Flame              Hex/Fire       9%         N/A       24%         3
 Flame Wave               Conj/Fire      12%        3d4       45%         4
 Hailstorm                Conj/Ice       4%         3d4       80%         4
 Ice Form                 Ice/Tmut       1%         N/A       90%         4
 Simulacrum               Ice/Necr       0%         N/A       100%        6


Dungeon Overview and Level Annotations

Branches:
Dungeon (4/15)
 Temple: D:4-7

Altars:

Annotations:
D:3 3 runed translucent doors, ThanksArdit's ghost, amateur MiGl
D:4 Eustachio


Innate Abilities, Weirdness & Mutations

Your serpentine skin is tough. (AC +1)
You have supernaturally acute eyesight. (SInv)
Armour fits poorly on your strangely shaped body.
Your system is resistant to poisons. (rPois)
You cover ground very slowly.
You can spit poison.
You have a snake-like lower body.


Message History

Eustachio's fire resistance burns away.
Casting: Scorch (safe; 4% risk of failure)
Confirm with . or Enter, or press ? or * to list all spells.
Flames lash Eustachio but do no damage.
Casting: Scorch (safe; 4% risk of failure)
Confirm with . or Enter, or press ? or * to list all spells.
You conjure some foxfire!
Eustachio mumbles some strange words.
Unknown command.
You hit Eustachio.
Eustachio is poisoned.
Eustachio is moderately wounded.
The foxfire hits Eustachio but does no damage.
Eustachio is moderately wounded.
The foxfire hits Eustachio but does no damage.
Eustachio is moderately wounded.
Eustachio hits you with a +1 falchion of flaming!
Eustachio burns you.
You hit Eustachio.
Eustachio is heavily wounded.
The iron imp hits you.
Eustachio hits you with a +1 falchion of flaming!
* * * LOW HITPOINT WARNING * * *
Eustachio burns you.
* * * LOW HITPOINT WARNING * * *
Eustachio is no longer more vulnerable to fire.
Eustachio closely misses you. The iron imp hits you.
* * * LOW HITPOINT WARNING * * *
The iron imp hits you.
* * * LOW HITPOINT WARNING * * *
Press: ? - help, Shift-Dir - straight line, f - Eustachio
Aim: Eustachio, wielding a +1 falchion of flaming and wearing a +0 leather armour (heavily wounded, very poisoned)
The splash of poison misses Eustachio.
Eustachio casts a spell.
Unknown command.
Casting: Foxfire (safe; 5% risk of failure)
Confirm with . or Enter, or press ? or * to list all spells.
You conjure some foxfire!
The bat hits you but does no damage. The iron imp hits you!
You die...

#..
#......#...# #.
##[.##..##..#
#. #..####..#
.#
#..#..####..#.#
#..##..##..##.#
#...#......#..#
#...##..(.##..#
#....#5...#.)#
#...@@.....#
##.vvb..####
########


You could see Eustachio (very poisoned, ally target), an iron imp (summoned,
ally target) and a bat (summoned).

Vanquished Creatures
  A scorpion (D:4)
  Ijyb (D:4)
  5 adders
  An ufetubus (D:4)
  A worm (D:2)
  3 dart slugs
  3 orcs (D:3)
  6 ball pythons
  6 bats
  5 endoplasms
  3 giant cockroaches
  6 goblins
  4 hobgoblins
  4 jackals (D:2)
  2 frilled lizards (D:2)
  3 kobolds
  A rat (D:2)
55 creatures vanquished.

Vanquished Creatures (others)
  76 foxfires
76 creatures vanquished.

Grand Total: 131 creatures vanquished

Notes
Turn   | Place    | Note
-------+----------+-------------------------------------------
     0 | D:1      | mainiacjoe the Naga Fire Elementalist began the quest for
                  | the Orb.
     0 | D:1      | Reached XP level 1. HP: 15/15 MP: 3/3
     3 | D:1      | Noticed a minotaur zombie
     3 | D:1      | Noticed a minotaur zombie
    16 | D:1      | Noticed a demonspawn zombie
    18 | D:1      | Noticed a minotaur zombie
   619 | D:1      | Reached XP level 2. HP: 22/22 MP: 1/5
   622 | D:1      | Learned a level 2 spell: Scorch
  1000 | D:1      | You fall into a shaft and drop 1 floor!
  1100 | D:2      | Reached XP level 3. HP: 20/28 MP: 2/6
  1403 | D:1      | Found a faded altar of an unknown god.
  2027 | D:2      | Reached skill level 4 in Stealth
  2027 | D:2      | Reached XP level 4. HP: 36/36 MP: 7/7
  2671 | D:3      | Found a runed translucent gate.
  2673 | D:3      | Found a runed translucent gate.
  2673 | D:3      | Found a runed translucent gate.
  2673 | D:3      | Noticed ThanksArdit's ghost (amateur MiGl)
  3455 | D:4      | Noticed a scorpion
  3456 | D:4      | Noticed Ijyb
  3469 | D:4      | Killed a scorpion
  3470 | D:4      | Reached XP level 5. HP: 13/42 MP: 3/8
  3472 | D:4      | HP: 2/42 [Ijyb (4)]
  3474 | D:4      | Killed Ijyb
  3475 | D:4      | Reached skill level 5 in Stealth
  3807 | D:4      | Noticed Eustachio
  3836 | D:4      | Slain by an iron imp

Illustrated notes

Levels and vault maps discovered:
D:1:      shiori_arrival_whats_in_store_for_you, layout_basic,
          dreamdust_ecumenical_altar_statues
D:2:      layout_loops_ring
D:3:      layout_loops_ring, ebering_ghost_rock_garden, serial_bayou_pond_a,
          minmay_misc_feat_nine_boxes
D:4:      layout_basic, gammafunk_ghost_abyssal_escape, grunt_ministairs_8,
          minmay_misc_feat_iff, nicolae_shop_fire_sale [nicolae_sub_dead_trees],
          uniq_robin, uniq_ijyb, uniq_eustachio

Skill      XL: |  1  2  3  4  5 |
---------------+----------------+-----
Dodging        | 2 |  2.5
Stealth        | 4 5 |  5.0
Conjurations   | 2 |  2.0
Fire Magic     | 4 |  4.6
Spellcasting   | |  2.1

Action                   |  1- 3 |  4- 6 || total
-------------------------+-------+-------++-------
Melee: Unarmed           |     1 |       ||     1
       Dagger            |    23 |     6 ||    29
       Short sword       |       |    10 ||    10
       Hand axe          |       |     1 ||     1
Throw: Stone             |     4 |       ||     4
       Boomerang         |       |     1 ||     1
 Cast: Foxfire           |    28 |    21 ||    49
       Scorch            |     7 |    19 ||    26
 Abil: Spit Poison       |     8 |     6 ||    14
  Use: Scroll            |     1 |     3 ||     4
 Stab: Sleeping          |     1 |       ||     1
Armor: Robe              |     8 |    10 ||    18
Dodge: Dodged            |    18 |    14 ||    32

Table legend: (Time is in decaauts)
 A = Elapsed time spent in this place.
 B = Non-inter-level travel time spent in this place.
 C = Inter-level travel time spent in this place.
 D = Time resting spent in this place.
 E = Time spent auto-exploring this place.
 F = Levels seen in this place.
 G = Mean time per level.
                   A        B        C        D        E       F      G
               +--------+--------+--------+--------+--------+-----+--------+
         Total |   4766 |   4685 |     81 |    603 |   3512 |   4 | 1191.5 |
       Dungeon |   4766 |   4685 |     81 |    603 |   3512 |   4 | 1191.5 |
               +--------+--------+--------+--------+--------+-----+--------+

Top non-repeatable levels by time:
     D:3: 1641 daAuts
     D:1: 1572 daAuts
     D:2: 1411 daAuts
     D:4: 141 daAuts
